 Dungeon Crawl Stone Soup version 0.24.1-11-gbbbb2193e6 (webtiles) character file.

Game seed: 15619318195081014416, levelgen mode: deterministic

1648 Gabide the Carver (level 9, -6/64 HPs)
             Began as a Human Gladiator on May 14, 2020.
             Was a Follower of Fedhas.
             Mangled by an orc warrior
             ... wielding a +0 halberd
              (26 damage)
             ... on level 6 of the Dungeon.
             The game lasted 00:16:17 (6788 turns).

Gabide the Carver (Human Gladiator)                 Turns: 6788, Time: 00:16:18

Health: -6/64      AC:  9    Str: 16    XL:     9   Next: 19%
Magic:  9/9        EV: 13    Int:  8    God:    Fedhas [*.....]
Gold:   298        SH:  0    Dex: 17    Spells: 8/8 levels left

rFire    . . .     SeeInvis .   a - +0 long sword
rCold    . . .     Gourm    .   (no shield)
rNeg     . . .     Faith    .   r - +0 ring mail
rPois    .         Spirit   .   c - +1 helmet
rElec    .         Reflect  .   v - +0 cloak
rCorr    .         Harm     .   (no gloves)
MR       .....                  (no boots)
Stlth    +.........             q - amulet of the acrobat
HPRegen  0.20/turn              (no ring)
MPRegen  0.11/turn              (no ring)

@: about to teleport
A: no striking features
a: Renounce Religion


You were on level 6 of the Dungeon.
You worshipped Fedhas.
Fedhas was aware of your devotion.
You were hungry.

You visited 1 branch of the dungeon, and saw 6 of its levels.
You also visited: Sewer.

You collected 298 gold pieces.

Inventory:

Hand Weapons
 a - a +0 long sword (weapon)
Missiles
 u - 6 boomerangs (quivered)
Armour
 c - a +1 helmet (worn)
 r - a +0 ring mail (worn)
 v - a +0 cloak (worn)
Jewellery
 q - an amulet of the acrobat (around neck)
Wands
 k - a wand of clouds (2)
 t - a wand of random effects (21)
Scrolls
 d - a scroll of remove curse
 e - 3 scrolls of identify
 m - a scroll of fog
 w - 2 scrolls of amnesia {unknown}
 x - a scroll of magic mapping {unknown}
Potions
 g - 2 potions of might
 h - 2 potions of heal wounds
 i - a potion of flight {unknown}
 j - a potion of resistance
 l - 2 potions of haste {unknown}
 n - 5 potions of lignification
 o - a potion of mutation {unknown}
 p - a potion of magic {unknown}
 s - a potion of ambrosia {unknown}
 z - 6 potions of curing {unknown}
Comestibles
 f - 10 rations


   Skills:
 * Level 3.6 Fighting
 * Level 9.1 Long Blades
 + Level 3.0 Throwing
 + Level 4.3 Armour
 * Level 4.2 Dodging
 - Level 1.3 Stealth


You had 8 spell levels left.
You didn't know any spells.
Your spell library was empty.

Dungeon Overview and Level Annotations

Branches:
Dungeon (6/15)             Temple (0/1) D:5           Sewer (visited)

Altars:
Elyvilon
Fedhas
Hepliaklqana
Makhleb
Okawaru
Sif Muna
Trog
Vehumet
The Shining One


Message History

You are too injured to fight recklessly!
You are too injured to fight recklessly!
You are too injured to fight recklessly!
You are too injured to fight recklessly!
You are too injured to fight recklessly!
You are too injured to fight recklessly!
You are too injured to fight recklessly!
You are too injured to fight recklessly!
You are too injured to fight recklessly!
You are too injured to fight recklessly!
You are too injured to fight recklessly!
Press: ? - help, v - describe, . - travel
Here: an orc warrior, wielding a +0 halberd and wearing a +0 plate armour (heavily wounded, unusually strong)
The floor, spattered with blood.
Unknown command.
As you read the scroll of teleportation, it crumbles to dust.
You feel strangely unstable.
The orc warrior hits you with a +0 halberd!!
You die...
Fedhas appreciates your contribution to the ecosystem.

#.........#########.....#
#.##.##.####### #####.#
#..))...# #...# #.#
####)######...## #.# #)#
###.....########.## #.#
#.........#.......# #.#
#.........#.####..# ###.#
#......o..#.####..# #...#
#...@.# #.##....#
#.########...####.##.##.#
#.#.....#.......#.##.##.#
#.#.###.#.#.###.#.......#
#.#.# #......##.####.####
#.#.###.#..#.........#
#..>....#..####.######
#######.........#############
### #.##.##.##......#......


You could see an orc warrior.

Vanquished Creatures
  Purgy (Sewer)
  4 ogres
  2 phantoms
  A centaur (D:5)
  2 bullfrogs (D:6)
  A gnoll sergeant (D:6)
  A water moccasin zombie (D:5)
  2 howler monkeys
  Crazy Yiuf (D:4)
  4 hounds
  4 orc wizards
  A bullfrog skeleton (D:4)
  An iguana (D:5)
  4 worker ants
  Natasha (D:4)
  A hound skeleton (D:6)
  3 gnolls (D:6)
  4 adders
  An adder skeleton (D:5)
  4 worms
  2 dart slugs
  3 leopard geckos
  18 orcs
  7 bats
  12 giant cockroaches
  9 hobgoblins
  4 jackals (D:3)
  11 kobolds
  3 quokkas
  5 frilled lizards
  2 goblins
  A quokka skeleton (D:4)
  9 rats
129 creatures vanquished.

Notes
Turn   | Place    | Note
-------+----------+-------------------------------------------
     0 | D:1      | Gabide the Human Gladiator began the quest for the Orb.
     0 | D:1      | Reached XP level 1. HP: 16/16 MP: 1/1
   287 | D:1      | Reached XP level 2. HP: 22/22 MP: 2/2
  1162 | D:2      | Reached XP level 3. HP: 17/27 MP: 0/3
  1506 | D:2      | Reached skill level 4 in Long Blades
  1653 | D:2      | Found a shimmering blue altar of Sif Muna.
  1872 | D:2      | Reached XP level 4. HP: 33/33 MP: 4/4
  2233 | D:3      | Reached skill level 1 in Armour
  2779 | D:3      | Found a glowing golden altar of the Shining One.
  2779 | D:3      | Found a radiant altar of Vehumet.
  2779 | D:3      | Found a bloodstained altar of Trog.
  2780 | D:3      | Found a hazy altar of Hepliaklqana.
  2786 | D:3      | Reached XP level 5. HP: 29/38 MP: 3/5
  2985 | D:4      | Noticed an ogre
  3003 | D:4      | Killed an ogre
  3003 | D:4      | Reached skill level 5 in Long Blades
  3252 | D:4      | Reached XP level 6. HP: 31/45 MP: 4/6
  3419 | D:4      | Noticed an ogre
  3423 | D:4      | Killed an ogre
  3423 | D:4      | Noticed an ogre
  3442 | D:4      | Killed an ogre
  3442 | D:4      | Reached skill level 6 in Long Blades
  3442 | D:4      | Reached XP level 7. HP: 32/51 MP: 3/7
  3690 | D:4      | Found an iron altar of Okawaru.
  3977 | D:4      | Noticed Natasha
  3987 | D:4      | Killed Natasha
  4193 | D:4      | Found a runed translucent door.
  4194 | D:4      | Noticed Crazy Yiuf
  4205 | D:4      | Killed Crazy Yiuf
  4421 | D:5      | Entered Level 5 of the Dungeon
  4445 | D:5      | Reached skill level 7 in Long Blades
  4453 | D:5      | Reached XP level 8. HP: 37/57 MP: 8/8
  4591 | D:5      | Found a blossoming altar of Fedhas.
  4604 | D:5      | Noticed an oklob plant
  4612 | D:5      | Became a worshipper of Fedhas Madash
  4992 | D:5      | Found a glowing drain.
  5006 | Sewer    | Entered a sewer
  5089 | Sewer    | Noticed Purgy
  5122 | Sewer    | Killed Purgy
  5122 | Sewer    | Reached skill level 1 in Stealth
  5504 | D:5      | Found a white marble altar of Elyvilon.
  5504 | D:5      | Found a burning altar of Makhleb.
  5531 | D:5      | Reached skill level 8 in Long Blades
  5663 | D:5      | Found a staircase to the Ecumenical Temple.
  5842 | D:6      | Reached * piety under Fedhas
  6079 | D:6      | Reached XP level 9. HP: 23/64 MP: 9/9
  6375 | D:6      | Reached skill level 9 in Long Blades
  6788 | D:6      | Mangled by an orc warrior

Levels and vault maps discovered:
D:1:      wheals_arrival_shading, layout_basic
D:2:      layout_basic, lemuel_round_altar, minmay_split_cup_large
D:3:      layout_basic, chequers_temple_overflow_statue_of_worship,
          chequers_serial_rivers_micro_b
D:4:      layout_gridville, okawaru_ov_weapons_minmay, first_ration,
          uniq_natasha, uniq_crazy_yiuf_cottage
D:5:      layout_cave_pods, tgw_fedhas, grunt_temple_overflow_open,
          minmay_temple_entry_enclosed_plants, gup_sewer_entry_pipe,
          kennysheep_generic_room_13
D:6:      layout_loops_cross

Skill      XL: |  1  2  3  4  5  6  7  8  9 |
---------------+----------------------------+-----
Long Blades    | 4 5 6 7 8 9 |  9.1
Armour         | 1 2 3 4 |  4.3
Fighting       | 3 |  3.6
Stealth        | 1 |  1.3
Dodging        | 4 |  4.2
Throwing       | 3 |  3.0

Action                   |  1- 3 |  4- 6 |  7- 9 || total
-------------------------+-------+-------+-------++-------
Melee: Long sword        |    76 |    95 |   354 ||   525
Throw: Boomerang         |       |    11 |    24 ||    35
       Throwing net      |       |     4 |       ||     4
  Use: Scroll            |     5 |     7 |     4 ||    16
       Potion            |       |       |     3 ||     3
 Stab: Sleeping          |     1 |       |     1 ||     2
       Held in net/web   |       |     1 |       ||     1
  Eat: Chunk             |     3 |     5 |     4 ||    12
       Ration            |       |       |     2 ||     2
Armor: Leather armour    |    23 |     2 |       ||    25
       Ring mail         |       |    24 |   142 ||   166
Dodge: Dodged            |    57 |    65 |   288 ||   410
       Rpst.: Long sword |    22 |    23 |    81 ||   126
